 Dungeon Crawl Stone Soup version 0.30-a0-177-g1cb5dbfd7a (webtiles) character file.

Game seed: 10123865846061896697

62 Flugkiller the Charlatan (level 3, -2/29 HPs)
             Began as a Mummy Artificer on Oct 2, 2022.
             Slain by an orc
             ... wielding a +0 club
              (4 damage)
             ... on level 2 of the Dungeon.
             The game lasted 00:01:36 (1354 turns).

Flugkiller the Charlatan (Mummy Artificer)          Turns: 1354, Time: 00:01:37

Health: -2/29      AC:  5    Str: 17    XL:     3   Next: 85%
Magic:  3/3        EV: 10    Int: 10    God:
Gold:   53         SH:  0    Dex: 12    Spells: 2/2 levels left

rFire   x . .      SeeInvis .    i - +1 dagger (venom)
rCold   + . .      Faith    +    (no shield)
rNeg    + + +      Spirit   .    l - +0 ring mail
rPois   ∞          Reflect  .    (no helmet)
rElec   .          Harm     .    (no cloak)
rCorr   .          Rampage  .    (no gloves)
Will    .....                    (no boots)
Stlth   +.........               (no amulet)
HPRegen 0.24/turn                (no ring)
MPRegen 0.08/turn                (no ring)

@: no status effects
A: cold resistance 1, negative energy resistance 3, torment resistance 2, heat
vulnerability 1, in touch with death 1, no potions, faith
a: no special abilities


You were on level 2 of the Dungeon.
You visited 1 branch of the dungeon, and saw 2 of its levels.

You collected 53 gold pieces.

Inventory:

Hand Weapons
 i - a +1 dagger of venom (weapon)
   (You found it on level 2 of the Dungeon)
Missiles
 a - 7 poisoned darts
Armour
 b - a +0 leather armour
 h - a +0 buckler
   (You found it on level 2 of the Dungeon)
 l - a +0 ring mail (worn)
   (You found it on level 2 of the Dungeon)
Wands
 c - a wand of flame (15) (quivered)
 d - a wand of charming (15)
 e - a wand of iceblast (3)
Scrolls
 f - a scroll of acquirement {unknown}
 g - a scroll of amnesia {unknown}
 j - a scroll of teleportation {unknown}
 k - a scroll of enchant weapon {unknown}
 m - a scroll of magic mapping {unknown}


   Skills:
 - Level 3.0 Fighting
 - Level 1.5 Armour
 - Level 0.7 Dodging
 - Level 0.7 Stealth
 + Level 3.1 Evocations


You had 2 spell levels left.
You didn't know any spells.
Your spell library contained the following spells:

 Spells                   Type           Power      Damage    Failure   Level
 Foxfire                  Conj/Fire      0%         2x1d4     56%         1
 Blink                    Tloc           0%         N/A       71%         2
 Momentum Strike          Conj/Tloc      0%         3d8       71%         2
 Gell's Gravitas          Tloc           0%         N/A       90%         3
 Lesser Beckoning         Tloc           0%         N/A       90%         3
 Teleport Other           Tloc           0%         N/A       90%         3
 Fireball                 Conj/Fire      0%         3d3       100%        5
 Starburst                Conj/Fire      0%         6d3       100%        6


Dungeon Overview and Level Annotations

Branches:
Dungeon (2/15) Zot: 10626

Altars:

Annotations:
D:1 1 transporter


Innate Abilities, Weirdness & Mutations

You are immune to poison.
Your flesh is cold resistant. (rC+)
You are immune to negative energy. (rN+++)
You are immune to unholy pain and torment.
You are vulnerable to heat. (rF-)
You are in touch with the powers of death.
You do not drink.
You have a special connection with the divine. (Faith)


Message History

The orc is severely wounded.
The orc hits you but does no damage.
You hit the orc.
The orc looks as sick as possible!
The orc is almost dead.
You kill the orc!
You have reached level 3!
Your experience leads to an increase in your attributes!
Increase (S)trength, (I)ntelligence, or (D)exterity?
You feel stronger. x2
You feel more in touch with the powers of death.
Unknown command.
Found a pink potion.
m - a scroll labelled RURRUZA HYWY
Okay, then.
Okay, then.
An endoplasm comes into view.
The endoplasm quivers.
An endoplasm is nearby!
An endoplasm is nearby!
An endoplasm comes into view.
Found 4 poisoned darts and a whip.
The endoplasm quivers.
The endoplasm hits you.
You hit the endoplasm but do no damage.
The endoplasm is poisoned.
The endoplasm freezes you.
You are frozen.
You resist.
You hit the endoplasm.
The endoplasm is severely wounded.
You kill the endoplasm!
The endoplasm freezes you.
You are frozen.
You resist.
You hit the endoplasm.
The endoplasm is poisoned.
The endoplasm is heavily wounded.
You kill the endoplasm!
No target in view!
A kobold comes into view. It is wielding a +0 dagger.
Found a faded altar of an unknown god.
The kobold shouts!
The kobold throws a stone.
The stone hits you but does no damage.
The kobold throws a stone.
The stone hits you but does no damage.
The kobold throws a stone.
The stone barely misses you.
The kobold throws a stone.
The stone barely misses you.
You see here 4 poisoned darts.
a - 7 poisoned darts (gained 4)
The kobold throws a stone.
The stone hits you but does no damage. The kobold barely misses you.
You hit the kobold.
You kill the kobold!
Things that are here:
a +0 dagger; 2 stones; a kobold corpse No target in view!
There is a faded altar of an unknown god here.
This altar belongs to (a) Lugonu, (b) Wu Jian or (c) Makhleb, but you can't tell which.
Press the corresponding letter to learn more about a god, or press enter to convert or escape to cancel.
Okay, then.
Found a book of Misfortune.
The orc shouts!
You hear a shout! x2
An orc is nearby!
The orc priest shouts!
The orc wizard shouts!
The orc wizard gestures at you while chanting.
The puff of flame misses you.
You closely miss the orc. The orc barely misses you.
You hit the orc.
The orc is poisoned.
The orc is moderately wounded.
The orc priest calls down the wrath of Beogh upon you.
Beogh smites you!
You hear a shout!
There is a faded altar of an unknown god here.
You barely miss the orc.
The orc is almost dead.
The orc hits you with a +0 club.
Aiming: Iceblast
Press: ? - help, Shift-Dir - straight line
Okay, then.
You closely miss the orc.
The orc is almost dead.
The orc priest calls upon Beogh to heal the orc.
The orc is healed somewhat.
The orc closely misses you.
You hit the orc.
The orc looks even sicker.
The orc is moderately wounded.
Aiming: Iceblast
Press: ? - help, Shift-Dir - straight line The mass of ice explodes!
The iceblast engulfs the orc priest!!
You kill the orc priest!
The iceblast engulfs the orc wizard!
The orc wizard is heavily wounded.
The orc hits you with a +0 club.
Your Evocations skill increases to level 3!
You barely miss the orc wizard.
The orc wizard is heavily wounded.
The orc wizard casts a spell at you. The puff of flame hits you!
The fire burns you terribly!
* * * LOW HITPOINT WARNING * * *
The orc barely misses you.
Aiming: Iceblast
Press: ? - help, Shift-Dir - straight line The mass of ice explodes!
The iceblast engulfs the orc wizard!!
You kill the orc wizard!
You hear a shout!
The orc hits you with a +0 club.
You die...

.....#.#.#..#
#......
#...........#
#.#....
#.###..###..#
#!#....
#..........##
#.#.#.#
#..........#
#......
..###..........#
###.###
..........)###.#
#.#
..##....)...o..#
#.#
##.......@))###
#.###..###...#
#..........#.#
#........#o# #
#......o.#..
#..##....#:.
#....... ....
###. #..# ..
....


You could see an orc (very poisoned).

Vanquished Creatures
  An orc priest (D:2)
  An orc wizard (D:2)
  2 orcs
  A ball python (D:1)
  3 bats
  5 endoplasms
  A giant cockroach (D:1)
  6 goblins
  4 hobgoblins (D:1)
  2 kobolds (D:2)
  A rat (D:2)
27 creatures vanquished.

Notes
Turn   | Place    | Note
-------+----------+-------------------------------------------
     0 | D:1      | Flugkiller the Mummy Artificer began the quest for the Orb.
     0 | D:1      | Reached XP level 1. HP: 15/15 MP: 1/1
   407 | D:1      | Reached XP level 2. HP: 22/22 MP: 2/2
  1225 | D:2      | Gained mutation: You are in touch with the powers of death.
                  | [Mummy growth]
  1225 | D:2      | Reached XP level 3. HP: 29/29 MP: 3/3
  1332 | D:2      | Found a faded altar of an unknown god.
  1354 | D:2      | Slain by an orc

Illustrated notes

Levels and vault maps discovered:
D:1:      spicycebolla_arrival_risky_transporter, layout_basic
D:2:      cheibrodos_pilgrimage, layout_loops_ring,
          hellmonk_ecumenical_altar_lost_god, basic_altar,
          uniq_crazy_yiuf_cottage

Skill      XL: |  1  2  3 |
---------------+----------+-----
Fighting       | 2 3 |  3.0
Evocations     | 3 |  3.1
Armour         | |  1.5
Dodging        | |  0.7
Stealth        | |  0.7

Action                   || total
-------------------------++-------
Melee: Club              ||    64
       Dagger            ||    38
Evoke: Wand              ||     2
 Stab: Sleeping          ||     1
Armor: Leather armour    ||    26
       Ring mail         ||     5
Dodge: Dodged            ||    65

Table legend: (Time is in decaauts)
 A = Elapsed time spent in this place.
 B = Non-inter-level travel time spent in this place.
 C = Inter-level travel time spent in this place.
 D = Time resting spent in this place.
 E = Time spent auto-exploring this place.
 F = Levels seen in this place.
 G = Mean time per level.
                   A        B        C        D        E       F      G
               +--------+--------+--------+--------+--------+-----+--------+
         Total |   1372 |   1272 |    100 |    154 |    782 |   2 |  686.0 |
       Dungeon |   1372 |   1272 |    100 |    154 |    782 |   2 |  686.0 |
               +--------+--------+--------+--------+--------+-----+--------+

Top non-repeatable levels by time:
     D:1: 891 daAuts
     D:2: 481 daAuts
